 Dungeon Crawl Stone Soup version 0.24.1-8-ga250c9d538 (webtiles) character file.

Game seed: 5832031447849107454, levelgen mode: deterministic

72755 Atelerd the Devastator (level 15, -2/92 HPs)
             Began as an Octopode Wizard on May 6, 2020.
             Was an Elder of Sif Muna.
             Shot with an arrow by a centaur warrior (32 damage)
             ... on level 15 of the Dungeon.
             The game lasted 03:08:57 (37602 turns).

Atelerd the Devastator (Octopode Wizard)           Turns: 37602, Time: 03:08:59

Health: -2/92      AC:  1    Str: 10    XL:     15   Next: 41%
Magic:  8/38       EV: 17    Int: 32    God:    Sif Muna [****..]
Gold:   1200       SH:  7    Dex: 16    Spells: 0/34 levels left

rFire    . . .     SeeInvis +   n - +3 rapier of the Hidden Suns {freeze, Fragile rElec rPois}
rCold    + + .     Gourm    .   Z - +2 buckler
rNeg     . . .     Faith    .   (helmet restricted)
rPois    +         Spirit   .   r - amulet of regeneration
rElec    +         Reflect  .   U - ring "Yfuvian" {rC+ MR+ Dex+2}
rCorr    .         Harm     .   a - ring of ice
MR       ++...                  y - +2 ring of evasion
Stlth    ++++++....             b - ring "Ebbyalod" {Str+4 Int+3 Dex+3 SInv}
HPRegen  0.65/turn              Q - ring of protection from fire
MPRegen  0.26/turn              z - ring of magical power
                                u - ring of wizardry
                                D - +2 ring of intelligence

@: very slightly contaminated
A: almost no armour, stealthy swim, amphibious, 8 rings, constrict 8, camouflage
1, gelatinous body 1
a: Channel Magic, Forget Spell, Divine Exegesis, Renounce Religion


You were on level 15 of the Dungeon.
You worshipped Sif Muna.
Sif Muna was greatly pleased with you.
You were not hungry.

You visited 4 branches of the dungeon, and saw 24 of its levels.

You collected 2428 gold pieces.
You spent 1228 gold pieces at shops.

Inventory:

Hand Weapons
 n - the +3 rapier of the Hidden Suns (weapon) {freeze, Fragile rElec rPois}
   (You bought it in a shop on level 2 of the Orcish Mines)

   It has been specially enchanted to freeze those struck by it, causing extra
   injury to most foes and up to half again as much damage against particularly
   susceptible opponents.
   It can also slow down cold-blooded creatures.
   It insulates you from electricity.
   It protects you from poison.
   It will be destroyed if unequipped.
 Y - a +3 scimitar of flaming
Armour
 m - the +0 large shield of Anarchy {Str+4, unknown}
   (You found it on level 13 of the Dungeon)

   It affects your strength (+4).
 Z - a +2 buckler (worn)
Jewellery
 a - a ring of ice (right tentacle)
 b - the ring "Ebbyalod" (on tentacle) {Str+4 Int+3 Dex+3 SInv}
   (You bought it in a shop on level 2 of the Orcish Mines)

   [ring of see invisible]

   It affects your strength (+4).
   It affects your intelligence (+3).
   It affects your dexterity (+3).
   It lets you see invisible.
 r - an amulet of regeneration (around mantle)
 u - a ring of wizardry (on tentacle)
 w - a +2 ring of intelligence
 y - a +2 ring of evasion (on tentacle)
 z - a ring of magical power (on tentacle)
 D - a +2 ring of intelligence (on tentacle)
 Q - a ring of protection from fire (on tentacle)
 S - an uncursed ring of fire
 U - the ring "Yfuvian" (left tentacle) {rC+ MR+ Dex+2}
   (You took it off a wight on level 14 of the Dungeon)

   [ring of dexterity]

   It affects your dexterity (+2).
   It protects you from cold.
   It affects your resistance to hostile enchantments.
Wands
 j - a wand of acid (24)
 p - a wand of flame (10)
 t - a wand of scattershot (1)
 L - a wand of paralysis (1)
 P - a wand of iceblast (17)
 T - a wand of clouds (4)
 W - a wand of disintegration (20)
Scrolls
 e - a scroll of torment
 g - 5 scrolls of teleportation
 k - a scroll of silence
 o - 12 scrolls of remove curse
 q - a scroll of fear
 v - 9 scrolls of enchant armour
 F - 6 scrolls of amnesia
 H - 2 scrolls of magic mapping
 M - 6 scrolls of enchant weapon
 V - 5 scrolls of fog {unknown}
Potions
 d - 2 potions of curing
 f - 2 potions of berserk rage
 i - 3 potions of mutation
 l - 3 potions of ambrosia
 x - 3 potions of might
 C - 3 potions of flight
 E - 2 potions of brilliance {unknown}
 G - 4 potions of cancellation {unknown}
 I - 2 potions of magic {unknown}
 K - 3 potions of lignification {unknown}
 O - 2 potions of resistance {unknown}
 R - 2 potions of agility {unknown}
Miscellaneous
 X - a lightning rod (4/4)
Comestibles
 c - 21 rations
 h - a chunk of flesh


   Skills:
 - Level 5.0 Fighting
 + Level 4.3 Dodging
 - Level 7.2 Stealth
 - Level 4.1 Shields
 + Level 10.4 Spellcasting
 - Level 15.0 Conjurations
   Level 2.1 Hexes
 * Level 7.2 Summonings
 - Level 7.3 Necromancy
 - Level 3.0 Translocations
 + Level 4.6 Transmutations
 * Level 1.6 Fire Magic
 - Level 8.0 Ice Magic
 - Level 2.0 Air Magic
 - Level 2.0 Poison Magic
 - Level 9.0 Invocations
 - Level 4.0 Evocations


You couldn't memorise any spells.
You knew the following spells:

 Your Spells              Type           Power        Failure   Level  Hunger
a - Magic Dart            Conj           ####         0%          1    None
b - Mephitic Cloud        Conj/Pois/Air  ######..     1%          3    None
c - Blink                 Tloc           N/A          1%          2    None
d - Ice Form              Ice/Tmut       ######..     1%          4    None
e - Summon Lightning Spi  Summ/Air       #####...     1%          4    None
f - Agony                 Necr           ######..     1%          5    ###....
g - Summon Ice Beast      Ice/Summ       #######.     1%          4    None
h - Summon Butterflies    Summ           ######..     1%          1    None
i - Orb of Destruction    Conj           #######...   1%          7    ######.
j - Conjure Flame         Conj/Fire      ######..     1%          3    None

Your spell library contained the following spells:

 Spells                   Type           Power        Failure   Level  Hunger
 Beastly Appendage        Tmut           #####.       1%          1    None
 Confusing Touch          Hex            ####..       1%          1    None
 Summon Small Mammal      Summ           ####         1%          1    None
 Call Imp                 Summ           ######..     1%          2    None
 Slow                     Hex            ####....     1%          2    None
 Sticks to Snakes         Tmut           #####...     1%          2    None
 Call Canine Familiar     Summ           ######..     1%          3    None
 Confuse                  Hex            ####....     1%          3    None
 Gell's Gravitas          Tloc           #####.....   1%          3    None
 Spider Form              Tmut/Pois      #####.....   1%          3    None
 Static Discharge         Conj/Air       ######..     1%          3    None
 Bolt of Draining         Conj/Necr      ######....   1%          5    ###....
 Dispel Undead            Necr           ######..     1%          5    ###....
 Iskenderun's Battlesphe  Conj/Chrm      ######..     1%          5    ###....
 Lightning Bolt           Conj/Air       ######....   1%          5    ###....
 Venom Bolt               Conj/Pois      ######....   1%          5    ###....
 Bolt of Magma            Conj/Fire/Erth ######....   3%          5    ###....
 Petrify                  Tmut/Erth      ####....     4%          4    None
 Blade Hands              Tmut           #####.....   4%          5    ###....
 Metabolic Englaciation   Hex/Ice        ######....   4%          5    ###....
 Summon Mana Viper        Hex/Summ       #####...     4%          5    ###....
 Borgnjor's Vile Clutch   Necr/Erth      #####.....   8%          5    ###....
 Yara's Violent Unravell  Hex/Tmut       #####.....   9%          5    ###....
 Iron Shot                Conj/Erth      ######....   9%          6    #####..
 Shadow Creatures         Summ           N/A          9%          6    #####..
 Spellforged Servitor     Conj/Summ      ######....   11%         7    ######.
 Haunt                    Necr/Summ      ######....   43%         7    ######.
 Monstrous Menagerie      Summ           ######....   43%         7    ######.
 Summon Hydra             Summ           ######....   43%         7    ######.
 Ignition                 Fire           ####......   100%        8    #######
 Shatter                  Erth           ###.......   100%        9    #######
 Tornado                  Air            ####......   100%        9    #######


Dungeon Overview and Level Annotations

Branches:
Dungeon (15/15)            Temple (1/1) D:5            Lair (6/6) D:11
  Swamp (0/4) Lair:3        Snake (0/4) Lair:2        Slime (0/5) Lair:5
    Orc (2/2) D:10            Elf (0/3) Orc:2        Vaults (0/5) D:13
 Depths: D:15

Altars:
Ashenzari
Cheibriados
Dithmenos
Elyvilon
Hepliaklqana
Makhleb
Nemelex Xobeh
Okawaru
Sif Muna
Trog
Uskayaw
Wu Jian
Xom
Zin
The Shining One

Shops:
D:6 }   Orc:1 %   Orc:2 [=([

Annotations:
D:3 exclusion: upstairs
D:4 exclusion: downstairs
D:6 exclusion: downstairs
D:9 exclusion: downstairs
D:10 !On mines stone giant, exclusion: 2 downstairs
D:12 exclusion: 2 downstairs
D:13 exclusion: 2 downstairs
D:14 exclusion: downstairs
Lair:1 exclusion: downstairs
Orc:1 !azrael downstairs, exclusions: downstairs and stone giant


Innate Abilities, Weirdness & Mutations

You cannot wear most types of armour.
You are very stealthy in the water. (Stealth+)
You are amphibious.
You can wear up to eight rings at the same time.
You can use your tentacles to constrict eight enemies at once.
Your skin changes colour to match your surroundings (Stealth+).
Your rubbery body absorbs attacks. (AC +1, EV +1)


Message History

Your ice beast completely resists.
The bolt of cold hits you! You resist.
Your lightning spire shoots out a bolt of lightning at the frost giant!
The bolt of electricity hits the frost giant!
The bolt of electricity hits your butterfly!
Your butterfly dies!
Your ice beast hits the frost giant but does no damage. x2
Unknown command.
Casting: Mephitic Cloud (safe; 1% risk of failure)
Confirm with . or Enter, or press ? or * to list all spells.
Aiming: Orb of Destruction (safe; 1% risk of failure)
Press: ? - help, Shift-Dir - straight line, f - centaur warrior
Aim: a centaur warrior, wielding a +0 longbow (noxious fumes, lightly wounded)
You are engulfed in freezing vapours.
You resist.
The frost giant hits your ice beast with a +1 battleaxe of freezing!!
The frost giant hits your ice beast with a +1 battleaxe of freezing!
The frost giant closely misses your butterfly.
The centaur warrior is engulfed in noxious fumes.
The centaur warrior shoots an arrow.
The arrow hits you!!
You die...

#...................)........
##.############.##########.##
#.# ......≈≈#.# #÷## #.#
#≈≈≈#.≈#.# ###÷.. #.#
#.....b#.# #..÷.. ###
#..b##c§.# #.##..
#.C.Y.*##########.#...
#+###≈YY#☼≈##.....##....#.
#)..8(.((@≈##.....#...###.
############........#.# #.
#...........###.# #.
#............##.# ##
#...<..#####.##.# # ########
##....# # #....(####
####...[..... #....###[####


You could see a frost giant, a centaur warrior, 3 friendly ice beasts and a
friendly lightning spire.

Vanquished Creatures
  Saint Roka (Orc:2)
  An orc warlord (Orc:2)
  Josephine (Orc:2)
  A hydra (D:11)
  A centaur warrior (D:14)
  3 two-headed ogres
  5 death yaks
  An orc high priest (Orc:2)
  A wizard (D:15)
  4 unseen horrors
  Pikel (D:7)
  A deep elf mage (D:12)
  3 ugly things (D:15)
  An elephant (Lair:6)
  The ghost of cada the Slasher, a novice NaFi (D:5)
  3 black mambas
  A guardian serpent (D:13)
  Maurice (D:8)
  A torpor snail (Lair:1)
  A centaur skeleton (D:11)
  6 spiny frogs
  A gargoyle (D:13)
  An efreet (D:10)
  3 komodo dragons
  5 trolls
  Prince Ribbit (Lair:2)
  The ghost of RKaid the Charmwright, a novice SpSk (D:5)
  The ghost of Lidrolic the Shield-Bearer, an amateur HuFi (D:4)
  A polar bear (shapeshifter) (D:10)
  8 hippogriffs
  15 blink frogs
  2 dream sheep (Lair:1)
  4 wyverns
  A human (D:12)
  31 yaks
  4 wraiths
  Eustachio (D:4)
  2 basilisks (Lair:2)
  2 fire elementals (Orc:1)
  Grum (D:8)
  A warg (D:10)
  7 water moccasins
  5 porcupines
  16 orc warriors
  2 sky beasts
  A slave (D:7)
  A black bear (D:9)
  An ice beast (D:9)
  5 phantoms
  11 ogres
  5 wolves
  10 centaurs
  6 crocodiles
  2 big kobolds
  19 bullfrogs
  A gnoll sergeant (D:10)
  2 wyvern skeletons
  A scorpion (D:11)
  22 wights
  2 electric eels (Lair:5)
  4 bullfrog zombies
  A centaur zombie (D:9)
  4 crimson imps
  15 orc priests
  5 hounds
  4 jellies
  A bullfrog skeleton (D:6)
  5 iguanas
  9 worker ants
  18 orc wizards
  A hound skeleton (D:5)
  4 gnolls (D:10)
  A howler monkey skeleton (D:4)
  13 adders
  2 shadow imps
  3 oozes
  An adder skeleton (D:4)
  An adder zombie (D:7)
  2 worms (D:3)
  2 dart slugs (D:2)
  7 leopard geckos
  62 orcs
  8 bats
  6 giant cockroaches
  9 goblins
  5 hobgoblins
  16 jackals
  6 quokkas
  2 ball pythons
  6 frilled lizards
  A giant cockroach zombie (D:6)
  24 kobolds
  A quokka zombie (D:5)
  6 rats
499 creatures vanquished.

Vanquished Creatures (collateral kills)
  Rupert (D:12)
  Agnes (D:14)
  A stone giant (Orc:1)
  Azrael (Orc:1)
  Fannar (D:12)
  2 ogre magi
  10 hydras
  A catoblepas (Lair:6)
  A death knight (D:12)
  6 two-headed ogres
  3 centaur warriors
  2 tengu warriors (D:14)
  9 death yaks
  3 orc high priests (Orc:2)
  A deep troll shaman (Lair:6)
  3 orc knights
  2 ugly things (D:15)
  2 manticores
  An orc sorcerer (Orc:2)
  A centaur zombie (D:14)
  A black mamba (Lair:6)
  6 elephants (Lair:6)
  2 gargoyles
  8 spiny frogs
  3 komodo dragons
  A yaktaur (D:15)
  3 centaur skeletons
  2 efreet
  2 rime drakes
  5 trolls
  A polar bear (Lair:6)
  A harpy zombie (D:15)
  A tyrant leech (Lair:3)
  5 blink frogs
  3 slime creatures (D:14)
  4 hippogriffs
  17 yaks
  4 wraiths
  A fire elemental (Orc:2)
  A hungry ghost (D:13)
  A basilisk (Lair:3)
  3 vampire mosquitoes (D:15)
  5 nagas (Lair:2)
  An acid dragon (D:13)
  4 swamp worms (Lair:3)
  4 hell hounds (Orc:2)
  A porcupine (Lair:5)
  A sky beast (D:13)
  3 water moccasins
  11 orc warriors
  3 wolves (Lair:6)
  4 ogres
  2 crocodiles
  A big kobold (D:14)
  2 bullfrogs
  2 scorpions
  6 wights
  A crimson imp (D:13)
  3 jellies
  16 orc priests
  8 orc wizards
  An iguana (D:13)
  2 worker ants (D:14)
  28 orcs
  A kobold (D:14)
  2 fungi
239 creatures vanquished.

Vanquished Creatures (others)
  A slave (D:7)
  An ogre (Orc:2)
  2 wights
  An orc wizard (Orc:2)
  An orc (Orc:2)
  2 jackals (D:11)
  A bush (Lair:6)
  10 fungi
  16 plants
35 creatures vanquished.

Grand Total: 773 creatures vanquished

Notes
Turn   | Place    | Note
-------+----------+-------------------------------------------
     0 | D:1      | Atelerd the Octopode Wizard began the quest for the Orb.
     0 | D:1      | Reached XP level 1. HP: 11/11 MP: 4/4
   363 | D:1      | Reached XP level 2. HP: 18/18 MP: 6/6
  1085 | D:1      | Reached XP level 3. HP: 8/22 MP: 0/7
  1128 | D:1      | Reached skill level 2 in Conjurations
  1467 | D:2      | Reached skill level 1 in Fighting
  1809 | D:3      | Learned a level 3 spell: Mephitic Cloud
  1812 | D:3      | Learned a level 2 spell: Blink
  2496 | D:3      | Reached XP level 4. HP: 25/28 MP: 8/8
  3210 | D:3      | Found a shadowy altar of Dithmenos.
  3225 | D:3      | Reached skill level 3 in Conjurations
  3225 | D:3      | Reached XP level 5. HP: 31/34 MP: 6/10
  4498 | D:4      | Learned a level 3 spell: Conjure Flame
  4516 | D:4      | Reached XP level 6. HP: 24/39 MP: 11/11
  4753 | D:4      | Reached skill level 4 in Conjurations
  5206 | D:4      | Noticed Eustachio
  5260 | D:4      | Killed Eustachio
  5260 | D:4      | Reached skill level 5 in Stealth
  5277 | D:4      | Reached XP level 7. HP: 45/45 MP: 6/13
  5698 | D:4      | Found a runed translucent door.
  5698 | D:4      | Noticed Lidrolic's ghost (amateur HuFi)
  5825 | D:4      | Found a burning altar of Makhleb.
  5840 | D:4      | Reached skill level 5 in Conjurations
  6074 | D:5      | Entered Level 5 of the Dungeon
  6241 | D:5      | Found a staircase to the Ecumenical Temple.
  6253 | Temple   | Entered the Ecumenical Temple
  6269 | Temple   | Became a worshipper of Sif Muna the Loreminder
  6320 | D:5      | Found a runed translucent gate.
  6320 | D:5      | Found a runed translucent gate.
  6320 | D:5      | Found a runed translucent gate.
  6320 | D:5      | Noticed cada's ghost (novice NaFi)
  6351 | D:5      | Found a hazy altar of Hepliaklqana.
  6353 | D:5      | Found a glowing golden altar of the Shining One.
  6437 | D:4      | Reached skill level 1 in Invocations
  6546 | D:5      | Identified the +3 leather armour of Ricaciet {rF+ Str+3}
  6570 | D:5      | Noticed a -1 hand axe
  6571 | D:5      | Noticed a +0 dagger
  6726 | D:5      | Found a hide-covered altar of Uskayaw.
  6760 | D:5      | Reached skill level 1 in Poison Magic
  7060 | D:4      | Reached skill level 1 in Air Magic
  7060 | D:4      | Reached XP level 8. HP: 50/50 MP: 2/14
  7347 | D:5      | Noticed RKaid's ghost (novice SpSk)
  7878 | D:6      | Reached skill level 5 in Spellcasting
  8161 | D:6      | Reached * piety under Sif Muna
  8242 | D:6      | Found a snail-covered altar of Cheibriados.
  8259 | D:6      | Found an ornate altar of the Wu Jian Council.
  8345 | D:6      | Learned a level 4 spell: Ice Form
  8543 | D:6      | Reached skill level 6 in Conjurations
  8543 | D:6      | Reached skill level 1 in Ice Magic
  8797 | D:6      | Reached XP level 9. HP: 54/54 MP: 6/17
  8878 | D:6      | Found Rulej's Gadget Emporium.
 10296 | D:6      | Reached skill level 7 in Conjurations
 10296 | D:6      | Reached skill level 5 in Ice Magic
 10437 | D:7      | Noticed Pikel
 10443 | D:7      | Killed Pikel
 10589 | D:7      | Reached XP level 10. HP: 60/60 MP: 19/19
 10899 | D:8      | Noticed Grum
 10992 | D:8      | Reached ** piety under Sif Muna
 11001 | D:8      | Killed Grum
 11091 | D:8      | Found a shimmering altar of Xom.
 12089 | D:8      | Noticed Maurice
 12109 | D:8      | Killed Maurice
 12353 | D:9      | Reached skill level 8 in Conjurations
 12410 | D:9      | Found a bloodstained altar of Trog.
 12869 | D:9      | Reached skill level 1 in Transmutations
 13152 | D:9      | Reached skill level 1 in Evocations
 13383 | D:9      | Reached *** piety under Sif Muna
 13388 | D:9      | Reached XP level 11. HP: 66/66 MP: 9/22
 13557 | D:10     | Entered Level 10 of the Dungeon
 14242 | D:10     | Killed an unseen horror
 14492 | D:10     | Identified Eshruozu's Papyrus of Unholy Rituals
 14500 | D:10     | Learned a level 5 spell: Agony
 14525 | D:10     | Found a staircase to the Orcish Mines.
 14961 | D:11     | Noticed a seven-headed hydra
 15329 | D:10     | Reached skill level 1 in Necromancy
 15642 | Orc:1    | Entered Level 1 of the Orcish Mines
 15760 | Orc:1    | Noticed a stone giant
 16303 | D:10     | Reached skill level 9 in Conjurations
 16396 | D:11     | Reached skill level 5 in Invocations
 16917 | D:11     | Reached **** piety under Sif Muna
 17125 | D:11     | Killed an unseen horror
 17527 | D:11     | Killed a seven-headed hydra
 17527 | D:11     | Reached XP level 12. HP: 74/74 MP: 18/24
 17628 | D:11     | Found a staircase to the Lair.
 17784 | Lair:1   | Entered Level 1 of the Lair of Beasts
 18001 | Lair:1   | Reached skill level 1 in Shields
 18931 | Lair:2   | Noticed Prince Ribbit
 18937 | Lair:2   | Reached skill level 5 in Necromancy
 18946 | Lair:2   | Killed Prince Ribbit
 18972 | Lair:2   | Noticed a seven-headed hydra
 20069 | Lair:2   | Learned a level 4 spell: Summon Ice Beast
 20071 | Lair:2   | Learned a level 1 spell: Summon Butterflies
 20265 | Lair:2   | Found a staircase to the Snake Pit.
 20711 | Lair:2   | Noticed a death yak
 20711 | Lair:2   | Noticed a death yak
 20711 | Lair:2   | Noticed a death yak
 20862 | D:12     | Noticed a death knight
 20916 | D:12     | Killed a death knight
 21167 | D:12     | Noticed Rupert
 21527 | D:12     | Noticed Fannar
 21556 | D:12     | Killed Fannar
 21929 | D:12     | Paralysed by Rupert for 4 turns
 21938 | D:12     | Killed Rupert
 22024 | D:13     | Noticed a centaur warrior
 22120 | D:13     | Reached XP level 13. HP: 41/79 MP: 15/26
 22682 | D:13     | Noticed an ogre mage
 22688 | D:13     | Killed an ogre mage
 22688 | D:13     | Reached skill level 10 in Conjurations
 22808 | D:13     | Found a gate to the Vaults.
 22857 | D:13     | Learned a level 3 spell: Confuse
 23787 | D:13     | Got a dazzling large shield
 24221 | Lair:1   | Reached skill level 1 in Hexes
 25119 | Lair:3   | Learned a level 7 spell: Orb of Destruction
 25982 | Lair:3   | Reached skill level 5 in Summonings
 26212 | Lair:3   | Found a staircase to the Swamp.
 27700 | Lair:5   | Reached skill level 11 in Conjurations
 27845 | Lair:5   | Reached skill level 10 in Spellcasting
 27977 | Lair:5   | Reached XP level 14. HP: 85/85 MP: 20/28
 28152 | Lair:5   | Found a staircase to the Slime Pits.
 28861 | Lair:6   | Entered Level 6 of the Lair of Beasts
 29016 | Lair:6   | Reached skill level 12 in Conjurations
 29295 | Lair:6   | Reached ***** piety under Sif Muna
 29556 | Lair:6   | Identified Aceidd's Compendium of Creation (Sif Muna gifted
                  | it to you on level 6 of the Lair of Beasts)
 29556 | Lair:6   | Received a gift from Sif Muna
 29860 | Lair:6   | Reached skill level 13 in Conjurations
 30275 | Lair:6   | Learned a level 4 spell: Summon Lightning Spire
 31325 | Lair:6   | Got a coiled jade ring
 31327 | Lair:6   | Identified the ring "Wups" {-Tele Str+2 Dex+6 SInv} (You
                  | found it on level 6 of the Lair of Beasts)
 31738 | Orc:1    | Killed a stone giant
 31894 | Orc:1    | Found Maghidiev's Food Emporium.
 32086 | Orc:2    | Entered Level 2 of the Orcish Mines
 32093 | Orc:2    | Noticed Azrael
 32345 | D:14     | Noticed Agnes
 32592 | D:14     | Reached skill level 14 in Conjurations
 32833 | D:14     | Killed Agnes
 33338 | D:14     | Identified the ring "Yfuvian" {rC+ MR+ Dex+2}
 33737 | D:15     | Entered Level 15 of the Dungeon
 33798 | D:15     | Reached skill level 15 in Conjurations
 33822 | D:15     | HP: 2/102 [harpy zombie (9)]
 34130 | Orc:1    | Killed Azrael
 34509 | Orc:2    | Noticed an orc warlord
 34557 | Orc:2    | Reached XP level 15. HP: 39/90 MP: 8/29
 34596 | Orc:2    | Killed an orc warlord
 34747 | Orc:2    | Noticed Josephine
 34754 | Orc:2    | Killed Josephine
 35464 | Orc:2    | Received a gift from Sif Muna
 35744 | Orc:2    | Noticed Saint Roka
 35864 | Orc:2    | Killed Saint Roka
 35864 | Orc:2    | Reached skill level 5 in Fighting
 35875 | Orc:2    | HP: 4/92 [orc/+0 short sword[Saint Roka] (6)]
 36077 | Orc:2    | Found a shimmering blue altar of Sif Muna.
 36103 | Orc:2    | Identified Sif Muna's Collected Works on the Escort
 36172 | Orc:2    | Learned a level 3 spell: Conjure Flame
 36194 | Orc:2    | Found Celuef's Antique Armour Boutique.
 36194 | Orc:2    | Found Zughysyck's Antique Weapon Shop.
 36195 | Orc:2    | Found Siceumih's Armour Shop.
 36198 | Orc:2    | Found Ixeetiu's Jewellery Boutique.
 36204 | Orc:2    | Bought a slimy rapier for 279 gold pieces
 36349 | Orc:2    | Found a staircase to the Elven Halls.
 36539 | Orc:2    | Bought the ring "Ebbyalod" {Str+4 Int+3 Dex+3 SInv} for 559
                  | gold pieces
 36541 | Orc:2    | Bought an uncursed ring of wizardry for 390 gold pieces
 36717 | D:4      | Killed Lidrolic's ghost
 36779 | D:5      | Killed RKaid's ghost
 36787 | D:5      | Killed cada's ghost
 36851 | D:5      | Identified the cursed +3 rapier of the Hidden Suns {freeze,
                  | Fragile rElec rPois} (You bought it in a shop on level 2 of
                  | the Orcish Mines)
 37187 | D:15     | Reached skill level 1 in Fire Magic
 37591 | D:15     | Noticed a frost giant
 37602 | D:15     | Shot with an arrow by a centaur warrior

Levels and vault maps discovered:
D:1:      psy_arrival_whirlpool, layout_loops_corners
D:2:      minmay_wonky_spiral, layout_basic
D:3:      layout_basic, grunt_dithmenos_smoke_and_mirrors, columned_hall_lemuel,
          moated_statue, serial_bayou_lagoon_a
D:4:      layout_cave_pods, nicolae_overflow_crystal_walls,
          ebering_ghost_inner_flame, uniq_eustachio
D:5:      layout_cave_pools, dancing_weapons_uskayaw,
          chequers_temple_overflow_statue_of_worship,
          minmay_temple_entry_mini_moons, first_ration, gammafunk_ghost_cemetery
D:6:      layout_cave_pods, lemuel_crystal_altar, lemuel_crystal_altar,
          serial_shops, nicolae_shop_waterfront
D:7:      layout_basic, uniq_pikel
D:8:      layout_cave_pods, basic_altar, uniq_grum, uniq_maurice
D:9:      layout_grid_maze, old_standard_altar
D:10:     layout_basic, david_orc_2, serial_co_window_serial,
          co_window_corner_a, co_window_corner_a, co_window_paths_a,
          co_window_paths_a, co_window_cross_1, co_window_corner_b,
          co_window_corner_b, co_window_corner_ca, co_window_paths_c,
          glass_columns_a, glass_columns_a, minmay_checkerbox
D:11:     layout_cave_pools, lair_entry_dummy
D:12:     layout_irregular_city, grunt_pizzeria, uniq_rupert, uniq_fannar
D:13:     layout_cave_pools, david_vaults_2, fake_guardian_serpent_vault
D:14:     layout_rooms, hangedman_decor_slide_cut, grunt_decor_mini_mirrors,
          kennysheep_doodads, uniq_agnes
D:15:     grunt_enter_depths_snipers, layout_rooms, enter_trove_0,
          kennysheep_crisscross, hangedman_decor_points, uniq_kirke
Temple:   eino_temple_water
Lair:1:   layout_cave_pods
Lair:2:   layout_gridlike, minmay_snake_entry_guardpost_medium,
          uniq_prince_ribbit2
Lair:3:   layout_hall_layers, palyth_hydra_swamp_entry, worms_lemuel,
          infiniplex_staircase_pool_2
Lair:4:   layout_regular_city
Lair:5:   layout_cave_pods, nicolae_slime_entry_slimehenge,
          serial_bayou_shore_b, serial_bayou_shore_a, serial_bayou_shore_b
Lair:6:   grunt_lair_end_beastmaster, layout_cave_pods, grunt_megastairs_3
Orc:1:    layout_caves, serial_shops, shop
Orc:2:    st_orc_mages, layout_caves, led_sif_book, uniq_azrael,
          uniq_saint_roka, uniq_josephine

Skill      XL: |  1  2  3  4  5  6  7  8  9 10 11 12 13 14 15 |
---------------+----------------------------------------------+-----
Stealth        | 3 4 5 6 7 |  7.2
Conjurations   | 2 3 4 5 6 7 8 9 11 15 | 15.0
Fighting       | 1 2 4 5 |  5.0
Spellcasting   | 4 5 6 7 8 9 10 | 10.4
Invocations    | 2 4 6 8 9 |  9.0
Poison Magic   | 1 2 |  2.0
Air Magic      | 1 2 |  2.0
Translocations | 2 3 |  3.0
Ice Magic      | 1 5 8 |  8.0
Transmutations | 2 3 4 |  4.6
Evocations     | 1 4 |  4.0
Necromancy     | 4 6 7 |  7.3
Shields        | 4 |  4.1
Dodging        | 3 4 |  4.3
Summonings     | 2 5 7 |  7.2
Hexes          | 2 |  2.1
Fire Magic     | 1 |  1.6

Action                   |  1- 3 |  4- 6 |  7- 9 | 10-12 | 13-15 || total
-------------------------+-------+-------+-------+-------+-------++-------
Melee: Dagger            |    49 |       |       |       |       ||    49
       Unarmed           |     3 |       |       |   148 |   147 ||   298
       Constrict         |    13 |    44 |    27 |    49 |    42 ||   175
       Tentacles         |     6 |    21 |    28 |    40 |    58 ||   153
       Long sword        |    14 |   107 |       |       |       ||   121
       Rapier            |       |     2 |   118 |   231 |   208 ||   559
       Scimitar          |       |       |       |       |    74 ||    74
Throw: Dart              |       |       |     3 |     4 |       ||     7
 Cast: Magic Dart        |    45 |    31 |   242 |   422 |   225 ||   965
       Mephitic Cloud    |     1 |     8 |    24 |   111 |   166 ||   310
       Conjure Flame     |       |     1 |    18 |    63 |    22 ||   104
       Blink             |       |       |     4 |    38 |    29 ||    71
       Ice Form          |       |       |       |    22 |    29 ||    51
       Summon Ice Beast  |       |       |       |    35 |   252 ||   287
       Agony             |       |       |       |     7 |     9 ||    16
       Summon Butterflie |       |       |       |     1 |     5 ||     6
       Confuse           |       |       |       |       |     1 ||     1
       Summon Lightning  |       |       |       |       |    70 ||    70
       Orb of Destructio |       |       |       |       |    13 ||    13
Invok: Channel Magic     |       |       |       |     9 |    21 ||    30
       Forget Spell      |       |       |       |       |     1 ||     1
Evoke: Wand              |       |       |     1 |    55 |     9 ||    65
       Lightning rod     |       |       |       |     2 |     2 ||     4
  Use: Scroll            |       |       |    16 |     9 |    11 ||    36
       Potion            |       |       |       |     1 |    12 ||    13
 Stab: Sleeping          |     6 |     8 |     4 |    13 |     2 ||    33
       Confused          |       |     2 |     9 |    40 |    39 ||    90
       Distracted        |       |       |     1 |     3 |     5 ||     9
  Eat: Chunk             |     1 |     9 |    13 |    29 |    37 ||    89
       Ration            |     1 |       |     1 |     4 |     8 ||    14
Armor: Skin              |     7 |    14 |     3 |    69 |    43 ||   136
Dodge: Dodged            |    58 |   105 |    92 |   362 |   386 ||  1003
Block: Buckler           |       |       |       |    11 |   141 ||   152
       Rpst.: Long sword |     2 |    29 |       |       |       ||    31
       Scimitar          |       |       |       |       |    13 ||    13
